 Dungeon Crawl Stone Soup version 0.31.0-12-g77e489cdc1 (webtiles) character file.

Game seed: 9186364301310232196

98321 purpleHaze the Slayer (level 16, -10/201 HPs)
             Began as an Oni Warper on Mar 3, 2024.
             Was the Champion of Wu Jian.
             Mangled by a +2 short sword of electrocution (15 damage)
             ... on level 1 of the Elven Halls.
             The game lasted 01:12:51 (25216 turns).

purpleHaze the Slayer (Oni Warper)                 Turns: 25216, Time: 01:12:53

Health: -10/201    AC: 12    Str: 23    XL:     16   Next: 22%
Magic:  20/29      EV: 16    Int: 16    God:    Wu Jian [******]
Gold:   1800       SH:  0    Dex:  7    Spells: 10/34 levels left

rFire   . . .        F - +0 giant club
rCold   . . .        (shield currently unavailable)
rNeg    . . .        H - +0 steam dragon scales
rPois   .            (helmet restricted)
rElec   .            M - +1 cloak {Will+}
rCorr   .            (gloves unavailable)
SInv    .            (boots unavailable)
Will    +++..        r - amulet of regeneration
Stlth   +            X - ring of Midic {Will+ AC+4 Int+2 Dex-3}
HPRegen 1.33/turn    t - +5 ring of evasion
MPRegen 0.21/turn

%: no passive effects
@: about to teleport, studying Dodging
A: large, unfitting armour, horns 1, tough skin 1, double potion healing,
drunken brawling
a: Renounce Religion, Wall Jump, Serpent's Lash, Heavenly Storm


You were on level 1 of the Elven Halls.
You worshipped Wu Jian.
Wu Jian was exalted by your worship.
You visited 5 branches of the dungeon, and saw 21 of its levels.
You visited the Abyss 1 time.
You also visited: Ossuary and Bailey.

You collected 1889 gold pieces.
You spent 89 gold pieces at shops.

Inventory:

Hand Weapons
 y - a +1 morningstar of flaming
 F - a +0 giant club (weapon)
Missiles
 d - 6 darts of dispersal
 l - 58 poisoned darts (quivered)
 p - 3 throwing nets
 P - a silver javelin
 Q - 14 large rocks
 R - 2 curare-tipped darts
 U - 8 boomerangs
Armour
 H - +0 steam dragon scales (worn)
 L - +0 fire dragon scales
 M - a +1 cloak of willpower (worn)
 T - a +1 cloak of preservation
Jewellery
 k - a +6 ring of dexterity
 r - an amulet of regeneration (around neck)
 t - a +5 ring of evasion (right hand)
 w - a ring of resist corrosion
 X - the ring of Midic (left hand) {Will+ AC+4 Int+2 Dex-3}
   (You found it on level 3 of the Lair of Beasts)

   [ring of protection]

   AC+4:      It affects your AC (+4).
   Int+2:     It affects your intelligence (+2).
   Dex-3:     It affects your dexterity (-3).
   Will+:     It increases your willpower.
Wands
 b - a wand of charming (17)
 e - a wand of roots (5)
 K - a wand of digging (5)
 S - a wand of polymorph (6)
 W - a wand of mindburst (5)
Scrolls
 a - 3 scrolls of vulnerability
 c - 6 scrolls of blinking
 f - 3 scrolls of amnesia
 g - 3 scrolls of poison
 j - 3 scrolls of fog
 o - 3 scrolls of teleportation
 q - a scroll of butterflies
 v - 3 scrolls of noise
 A - 4 scrolls of torment
 C - a scroll of fear
 E - 5 scrolls of enchant armour
 V - 2 scrolls of silence {unknown}
 Z - a scroll of enchant weapon
Potions
 h - 10 potions of heal wounds
 i - 4 potions of might {unknown}
 m - a potion of berserk rage {unknown}
 n - 4 potions of degeneration {unknown}
 s - 4 potions of resistance
 u - 7 potions of haste
 x - 5 potions of curing
 z - 7 potions of cancellation
 B - 2 potions of lignification {unknown}
 D - 8 potions of ambrosia
 G - 4 potions of magic
 I - 8 potions of attraction
 J - 3 potions of invisibility {unknown}
 N - 2 potions of mutation {unknown}
 O - 2 potions of brilliance {unknown}
 Y - a potion of enlightenment {unknown}


   Skills:
 + Level 22.7 Fighting
 - Level 16.0 Maces & Flails
 - Level 1.0 Throwing
 + Level 7.9 Dodging
 + Level 9.7 Spellcasting
 - Level 3.6 Hexes
 - Level 7.8 Translocations
 - Level 6.1 Air Magic


You had 10 spell levels left.
You knew the following spells:

 Your Spells              Type           Power      Damage    Failure   Level
a - Blink                 Tloc           66%        N/A       1%          2
b - Lesser Beckoning      Tloc           66%        N/A       1%          2
c - Vhi's Electric Charg  Tloc/Air       60%        N/A       5%          4
d - Gell's Gravitas       Tloc           33%        N/A       1%          3
e - Passage of Golubria   Tloc           33%        N/A       3%          4
f - Tukima's Dance        Hex            19%        N/A       6%          3
g - Dispersal             Tloc           16%        N/A       50%         6

Your spell library contained the following spells:

 Spells                   Type           Power      Damage    Failure   Level
 Apportation              Tloc           66%        N/A       1%          1
 Teleport Other           Tloc           33%        N/A       1%          3
 Shock                    Conj/Air       68%        1d7       2%          1
 Jinxbite                 Hex            38%        N/A       3%          2
 Manifold Assault         Tloc           33%        N/A       3%          4
 Necrotise                Necr           28%        1d5       10%         1
 Sting                    Conj/Alch      28%        1d4       10%         1
 Summon Small Mammal      Summ           28%        N/A       10%         1
 Searing Ray              Conj           14%        2d5       14%         2
 Iskenderun's Mystic Bla  Conj/Tloc      20%        2d6       19%         4
 Cause Fear               Hex            9%         N/A       21%         4
 Summon Lightning Spire   Summ/Air       17%        N/A       26%         4
 Hailstorm                Conj/Ice       7%         3d5       28%         3
 Summon Ice Beast         Ice/Summ       7%         N/A       28%         3
 Summon Forest            Summ/Tloc      10%        N/A       45%         5
 Animate Armour           Summ/Erth      14%        N/A       67%         4
 Leda's Liquefaction      Alch/Erth      3%         N/A       67%         4
 Sticky Flame             Fire/Alch      7%         2d4       67%         4
 Summon Mana Viper        Hex/Summ       13%        N/A       77%         5
 Yara's Violent Unravell  Hex/Alch       6%         3d5       77%         5
 Alistair's Intoxication  Alch           4%         N/A       95%         5
 Fireball                 Conj/Fire      3%         3d4       95%         5
 Irradiate                Conj/Alch      3%         3d12      95%         5
 Lee's Rapid Deconstruct  Erth           3%         3d5*      95%         5
 Sculpt Simulacrum        Ice/Alch       3%         N/A       100%        6
 Summon Cactus Giant      Summ           3%         N/A       100%        6
 Dragon's Call            Summ           3%         N/A       100%        9


Dungeon Overview and Level Annotations

Branches:
Dungeon (12/15)            Temple (1/1) D:7            Lair (5/5) D:11
 Shoals (0/4) Lair:2       Spider (0/4) Lair:3        Slime (0/5) Lair:5
    Orc (2/2) D:11            Elf (1/3) Orc:2       Ossuary (visited)
 Bailey (visited)

Altars:
Ashenzari
Cheibriados
Dithmenos
Elyvilon
Fedhas
Gozag
Hepliaklqana
Kikubaaqudgha
Makhleb
Nemelex Xobeh
Okawaru
Qazlal
Ru
Sif Muna
Trog
Uskayaw
Vehumet
Wu Jian
Xom
Yredelemnul
Zin
The Shining One

Shops:
D:2 (   D:11 (   Orc:2 [*=*   Elf:1 (

Portals:
Abyss: Orc:2

Annotations:
D:11 3 runed translucent doors, dvd2's ghost, journeyman OnFi
D:12 exclusion: obsidian statue
Orc:2 2 transporters, Computerfleisch's ghost, journeyman MiFi


Innate Abilities, Weirdness & Mutations

You are too large for most types of armour.
You have a pair of small horns on your head.
You have tough skin. (AC +1)
You gain doubled healing and magic from potions.
Whenever you drink a healing potion, you attack all around you.


Message History

Your headbutt misses the +2 short sword of electrocution.
The +2 short sword of electrocution hits you but does no damage.
The +2 short sword of electrocution hits you!
The +2 short sword of electrocution hits you but does no damage.
You are electrocuted!
The +2 short sword of electrocution attacks as it pursues you!
The +2 short sword of electrocution hits you.
The +2 short sword of electrocution barely misses you.
The deep elf zephyrmancer mumbles some strange words.
The deep elf zephyrmancer blinks!
The +2 short sword of electrocution hits you!
The +2 short sword of electrocution attacks as it pursues you!
The +2 short sword of electrocution barely misses you.
The +2 short sword of electrocution hits you!
* * * LOW HITPOINT WARNING * * *
The +2 short sword of electrocution closely misses you.
The +2 short sword of electrocution hits you!
* * * LOW HITPOINT WARNING * * *
You are electrocuted!
* * * LOW HITPOINT WARNING * * *
As you read the scroll of teleportation, it crumbles to dust.
You feel strangely unstable.
The +2 short sword of freezing hits you.
* * * LOW HITPOINT WARNING * * *
The +2 short sword of freezing freezes you.
* * * LOW HITPOINT WARNING * * *
The +2 short sword of electrocution misses you.
The +2 short sword of freezing hits you.
* * * LOW HITPOINT WARNING * * *
The +2 short sword of freezing freezes you.
* * * LOW HITPOINT WARNING * * *
The deep elf zephyrmancer casts a spell at you.
The bolt of lightning hits the +2 short sword of electrocution.
The +2 short sword of electrocution completely resists.
The bolt of lightning hits you!!
* * * LOW HITPOINT WARNING * * *
The +2 short sword of electrocution hits you.
* * * LOW HITPOINT WARNING * * *
You are electrocuted!
You die...

##...####§..# #.
#......)#e#.# ##.
#...$#)'...# #..
#.....)##### #.. ##e....#
##+##.. #∩.e..# ###
#...... #.#§#######.#
#.#...# #.#.#
#.....######...... ##.#e#
#@#.##...........#
#..#(###((#.#......>..###
#..#.#...###.#.......##
#..#..e.## ##........#
#..#...## ##.......#
##.......## #.....####
##...#.)...###.######
##...........#.#
##.......#.....#


You could see a deep elf zephyrmancer and 2 dancing weapons.

Vanquished Creatures
  A lich (Abyss:1)
  A deep elf elementalist (Elf:1)
  2 orc warlords
  Nessos (Lair:5)
  Snorg (Lair:5)
  A fire dragon (Lair:5)
  6 hydras
  3 alligators (Lair:4)
  The ghost of ChadusMaximus the Summoner, a journeyman BaSu of Hepliaklqana (D:9)
  A centaur warrior (D:10)
  A dancing weapon (Elf:1)
  2 two-headed ogres
  A boulder beetle (Lair:5)
  7 death yaks
  A thrashing horror (Abyss:1)
  An occultist (Abyss:1)
  3 orc high priests (Orc:2)
  2 deep elf knights (Elf:1)
  Sonja (Lair:3)
  A skyshark (Lair:5)
  A wretched star (Abyss:1)
  2 large abominations (Abyss:1)
  2 swamp dragons
  An orb spider (Lair:3)
  A goliath frog (Lair:4)
  5 orc knights (Orc:2)
  A deep elf archer (Elf:1)
  A necromancer (Abyss:1)
  8 orc sorcerers
  7 deep elf zephyrmancers (Elf:1)
  2 ugly things
  2 wolf spiders (Lair:2)
  2 cyclopes
  6 deep elf pyromancers
  Maurice (D:11)
  6 kobold blastminers
  10 elephants
  9 black mambas
  An orange demon (Abyss:1)
  2 smoke demons (Abyss:1)
  Maggie (D:8)
  5 cane toads
  A kobold demonologist (D:12)
  2 rime drakes (Lair:5)
  A rime drake (shapeshifter) (Abyss:1)
  A burning bush (Lair:5)
  5 komodo dragons
  A queen bee (Lair:1)
  7 trolls
  4 polar bears
  A hornet (D:9)
  15 blink frogs
  12 dream sheep (Lair:5)
  12 slime creatures (D:12)
  2 air elementals (Elf:1)
  2 ynoxinuls
  A wraith (Abyss:1)
  A shadow (D:11)
  47 yaks
  3 vampires
  A fire bat (Abyss:1)
  7 wyverns
  5 basilisks
  6 wargs
  16 vampire mosquitoes
  A golden eye (Abyss:1)
  5 steam dragons
  A chaos spawn (Abyss:1)
  3 swamp worms (Lair:4)
  Duvessa (D:7)
  2 acid dragons (Lair:5)
  13 water moccasins
  A meliai simulacrum (D:10)
  2 swamp drakes
  18 orc warriors
  2 black bears
  A sky beast (D:7)
  10 ogres
  2 ice beasts (D:10)
  4 centaurs
  18 wolves
  A phantom (D:6)
  2 weeping skulls
  A brain worm (Abyss:1)
  2 elf zombies (Ossuary)
  8 kobold brigands
  10 bullfrogs
  A scorpion (D:5)
  2 burial acolytes (Ossuary)
  A small abomination (Abyss:1)
  Dowan (D:7)
  10 wights
  38 killer bees
  2 electric eels
  4 howler monkeys
  5 jellies
  2 bombardier beetles (D:6)
  2 crimson imps (D:12)
  A quasit (D:12)
  2 lava snakes (D:7)
  A centaur zombie (Ossuary)
  4 hounds
  Crazy Yiuf (D:7)
  A gnoll bouda (D:9)
  16 orc priests
  4 starcursed masses (Abyss:1)
  An iron imp (Abyss:1)
  Ijyb (D:3)
  Jessica (D:2)
  4 iguanas
  29 orc wizards
  A centaur simulacrum (D:10)
  6 hound zombies (Ossuary)
  2 mummies (Ossuary)
  17 gnolls
  8 adders
  2 white imps
  2 ufetubi
  4 dart slugs
  2 ribbon worms
  61 orcs
  13 ball pythons
  2 endoplasms (D:2)
  2 giant cockroaches
  11 goblins
  7 hobgoblins
  18 kobolds
  4 quokkas
  4 bats
  6 frilled lizards
  5 gnoll zombies (Ossuary)
  2 orc zombies (Ossuary)
  7 rats
695 creatures vanquished.

Vanquished Creatures (collateral kills)
  Grum (D:10)
1 creature vanquished.

Vanquished Creatures (others)
  A wolf (D:10)
  An orc wizard (Orc:2)
  A lurking horror (Abyss:1)
3 creatures vanquished.

Grand Total: 699 creatures vanquished

Notes
Turn   | Place    | Note
-------+----------+-------------------------------------------
     0 | D:1      | purpleHaze the Oni Warper began the quest for the Orb.
     0 | D:1      | Reached XP level 1. HP: 22/22 MP: 3/3
    94 | D:1      | HP: 1/22 [hobgoblin (4)]
   320 | D:1      | Reached skill level 3 in Fighting
   384 | D:1      | Reached XP level 2. HP: 20/31 MP: 5/5
   868 | D:1      | Reached XP level 3. HP: 39/39 MP: 6/6
   974 | D:2      | Reached skill level 4 in Fighting
  1059 | D:2      | Noticed Jessica
  1085 | D:2      | Killed Jessica
  1086 | D:2      | Reached XP level 4. HP: 29/49 MP: 7/7
  1834 | D:2      | Reached skill level 5 in Fighting
  1933 | D:2      | Found Fubracs's Antique Weapon Boutique.
  2170 | D:2      | Reached XP level 5. HP: 56/57 MP: 8/8
  2711 | D:3      | Noticed Ijyb
  2731 | D:3      | Killed Ijyb
  3812 | D:4      | Found an ancient bone altar of Kikubaaqudgha.
  3812 | D:4      | Found a shimmering blue altar of Sif Muna.
  3812 | D:4      | Found a snail-covered altar of Cheibriados.
  3963 | D:4      | Found a sparkling altar of Nemelex Xobeh.
  4251 | D:5      | Entered Level 5 of the Dungeon
  4336 | D:5      | Reached XP level 6. HP: 67/67 MP: 9/9
  4347 | D:5      | Reached skill level 6 in Fighting
  4423 | D:5      | Reached skill level 5 in Maces & Flails
  4921 | D:5      | Reached skill level 7 in Fighting
  4921 | D:5      | Reached XP level 7. HP: 78/78 MP: 10/10
  5132 | D:6      | Reached skill level 8 in Fighting
  5409 | D:6      | Found a broken altar of Ashenzari.
  5455 | D:6      | Reached XP level 8. HP: 88/89 MP: 11/11
  5513 | D:6      | Reached skill level 9 in Fighting
  6134 | D:6      | Reached skill level 10 in Fighting
  6240 | D:6      | Reached XP level 9. HP: 102/102 MP: 12/12
  6254 | D:7      | Found a staircase to the Ecumenical Temple.
  6267 | Temple   | Entered the Ecumenical Temple
  6276 | Temple   | Became a worshipper of the Wu Jian Council
  6326 | D:7      | Found a sand-covered staircase.
  6332 | Ossuary  | Entered an ossuary
  6424 | Ossuary  | Reached skill level 11 in Fighting
  6607 | Ossuary  | Reached * piety under Wu Jian
  7045 | D:7      | Noticed Dowan
  7068 | D:7      | Noticed Duvessa
  7101 | D:7      | Killed Duvessa
  7102 | D:7      | Reached skill level 12 in Fighting
  7126 | D:7      | Killed Dowan
  7461 | D:7      | Found a hide-covered altar of Uskayaw.
  7651 | D:7      | Reached skill level 10 in Maces & Flails
  7651 | D:7      | Reached XP level 10. HP: 118/118 MP: 13/13
  7657 | D:7      | Reached skill level 13 in Fighting
  8035 | D:7      | Found a runed translucent door.
  8036 | D:7      | Noticed Crazy Yiuf
  8043 | D:7      | Killed Crazy Yiuf
  8153 | D:7      | Reached ** piety under Wu Jian
  8297 | D:8      | Found a shadowy altar of Dithmenos.
  8297 | D:8      | Found a shimmering altar of Xom.
  8345 | D:8      | Reached skill level 14 in Fighting
  8370 | D:8      | Noticed Maggie
  8371 | D:8      | Found a broken altar of Ashenzari.
  8382 | D:8      | Killed Maggie
  8488 | D:8      | Found a stormy altar of Qazlal.
  9133 | D:9      | Noticed a two-headed ogre
  9148 | D:9      | Killed a two-headed ogre
  9149 | D:9      | Reached skill level 15 in Fighting
  9149 | D:9      | Reached XP level 11. HP: 104/132 MP: 14/14
  9201 | D:9      | Learned a level 2 spell: Blink
  9204 | D:9      | Learned a level 2 spell: Lesser Beckoning
  9209 | D:9      | Learned a level 4 spell: Vhi's Electric Charge
  9225 | D:9      | Found a flagged portal.
  9233 | Bailey   | Entered a bailey
  9354 | Bailey   | Reached *** piety under Wu Jian
  9393 | Bailey   | Reached XP level 12. HP: 141/141 MP: 14/23
  9713 | D:9      | Noticed ChadusMaximus's ghost (journeyman BaSu)
  9951 | D:9      | Found a runed translucent door.
 10431 | D:9      | Killed ChadusMaximus's ghost
 10479 | D:10     | Entered Level 10 of the Dungeon
 10661 | D:10     | Noticed a two-headed ogre
 10665 | D:10     | Reached skill level 16 in Fighting
 10667 | D:10     | Killed a two-headed ogre
 10762 | D:10     | Noticed Grum
 10784 | D:10     | Killed Grum
 10825 | D:11     | Found Hiorara's Antique Weapon Shop.
 11058 | D:11     | Found a runed translucent gate.
 11058 | D:11     | Found a runed translucent gate.
 11058 | D:11     | Found a runed translucent gate.
 11060 | D:11     | Noticed a nine-headed hydra
 11061 | D:11     | Noticed dvd2's ghost (journeyman OnFi)
 11062 | D:11     | Noticed a nine-headed hydra
 11081 | D:11     | Found a staircase to the Lair.
 11114 | D:11     | Reached **** piety under Wu Jian
 11145 | D:11     | Noticed Maurice
 11161 | D:11     | Found the +5 Force Lance {heavy, knockback}
 11166 | D:11     | Maurice stole a +0 giant club
 11168 | D:11     | Killed Maurice
 11403 | D:11     | Reached skill level 17 in Fighting
 11487 | D:11     | Found a staircase to the Orcish Mines.
 11768 | D:10     | Noticed a death yak
 12043 | D:10     | Found a radiant altar of Vehumet.
 12164 | D:10     | Killed a death yak
 12171 | D:10     | Reached XP level 13. HP: 118/157 MP: 24/24
 13701 | D:10     | Found a radiant altar of Vehumet.
 14181 | D:10     | Found a radiant altar of Vehumet.
 14929 | D:12     | Reached skill level 18 in Fighting
 15529 | D:12     | Identified the +3 ring mail of Indecent Exposure {^Drain
                  | Will+++ Str+3 SInv}
 15802 | D:12     | Reached ***** piety under Wu Jian
 16029 | Lair:1   | Entered Level 1 of the Lair of Beasts
 16533 | Lair:1   | Reached skill level 19 in Fighting
 16557 | Lair:1   | Reached skill level 15 in Maces & Flails
 16704 | Lair:1   | Identified a scroll of acquirement
 16705 | Lair:1   | Acquired a manual of Dodging
 17020 | Lair:2   | Found a staircase to the Shoals.
 17456 | Lair:2   | Found a hazy altar of Hepliaklqana.
 17968 | Lair:3   | Noticed Sonja
 18174 | Lair:3   | Reached XP level 14. HP: 174/174 MP: 25/25
 18263 | Lair:3   | Identified the ring of Midic {Will+ AC+4 Int+2 Dex-3}
 18340 | Abyss:1  | Cast into level 1 of the Abyss (Sonja)
 18426 | Abyss:1  | Found a corrupted altar of Lugonu.
 18435 | Abyss:1  | Found a corrupted altar of Lugonu.
 18435 | Abyss:1  | Found a corrupted altar of Lugonu.
 18455 | Abyss:1  | Noticed a cacodemon
 18480 | Abyss:1  | Reached skill level 20 in Fighting
 18615 | Abyss:1  | Reached skill level 1 in Air Magic
 18694 | Abyss:1  | Noticed a starcursed mass
 18699 | Abyss:1  | Paralysed by accursed screaming for 1 turns
 18721 | Abyss:1  | Noticed a lich
 18739 | Abyss:1  | HP: 5/174 [disintegration (32)]
 18761 | Abyss:1  | Killed a lich
 18764 | Lair:3   | Escaped the Abyss
 18880 | Lair:3   | Killed Sonja
 19058 | Lair:3   | Found a hole to the Spider Nest.
 19490 | Lair:4   | Learned a level 3 spell: Gell's Gravitas
 19619 | Lair:5   | Entered Level 5 of the Lair of Beasts
 20172 | Lair:4   | Reached skill level 21 in Fighting
 20193 | Lair:4   | Reached skill level 5 in Translocations
 20320 | Lair:4   | Got the Vellum of Destruction
 20573 | Lair:4   | Got the Meditations on Reagents
 21114 | Lair:5   | Found a staircase to the Slime Pits.
 21148 | Lair:5   | Reached XP level 15. HP: 187/187 MP: 26/26
 21162 | Lair:5   | Reached skill level 5 in Air Magic
 21279 | Lair:5   | Reached ****** piety under Wu Jian
 21389 | Lair:5   | Identified the +9 great sword of Coriurre {freeze, rF+}
 21462 | Lair:5   | Learned a level 4 spell: Passage of Golubria
 21466 | Lair:5   | Learned a level 3 spell: Tukima's Dance
 21473 | Lair:5   | Learned a level 6 spell: Dispersal
 21528 | Lair:5   | Noticed Snorg
 21952 | Lair:5   | Killed Snorg
 21999 | Lair:5   | Noticed Nessos
 22003 | Lair:5   | Reached skill level 1 in Hexes
 22004 | Lair:5   | Killed Nessos
 22512 | Lair:5   | Identified the +2 leather armour of Esuxunn {Rampage Dex+4}
 22741 | Orc:1    | Entered Level 1 of the Orcish Mines
 22765 | Orc:1    | Reached skill level 22 in Fighting
 22857 | Orc:1    | Noticed an orc warlord
 22871 | Orc:1    | Killed an orc warlord
 22995 | Orc:2    | Entered Level 2 of the Orcish Mines
 23002 | Orc:2    | Noticed an orc warlord
 23014 | Orc:2    | Killed an orc warlord
 23115 | Orc:2    | Found a one-way gate to the infinite horrors of the Abyss.
 23115 | Orc:2    | Noticed Computerfleisch's ghost (journeyman MiFi)
 23119 | Orc:2    | Found a transporter.
 23120 | Orc:2    | Found a transporter.
 23123 | Orc:2    | Noticed an orc warlord
 23472 | Orc:2    | Found Wootwuc's Assorted Antiques.
 23830 | Orc:2    | Found Bygeech's Armour Emporium.
 23830 | Orc:2    | Found Teaz's Jewellery Boutique.
 23830 | Orc:2    | Found Atrep's Assorted Antiques.
 24204 | Orc:2    | Found a staircase to the Elven Halls.
 24248 | Orc:2    | Noticed a cacodemon
 24373 | Orc:2    | Bought a scroll of identify for 58 gold pieces
 24388 | Orc:2    | Bought a sedimented emerald potion for 31 gold pieces
 24659 | Elf:1    | Entered Level 1 of the Elven Halls
 24662 | Elf:1    | Reached XP level 16. HP: 201/201 MP: 29/29
 24671 | Elf:1    | Paralysed by an air elemental for 1 turns
 24754 | Elf:1    | Paralysed by an air elemental for 1 turns
 24758 | Elf:1    | Paralysed by an air elemental for 1 turns
 24764 | Elf:1    | Paralysed by an air elemental for 1 turns
 24768 | Elf:1    | Paralysed by an air elemental for 1 turns
 24861 | Elf:1    | Found Miolelollo's Weapon Shoppe.
 24863 | Elf:1    | Identified the +5 battleaxe of the Sky {heavy, ^Drain rN++
                  | Dex+4 SInv}
 25216 | Elf:1    | HP: 10/201 [deep elf zephyrmancer/bolt of lightning (25)]
 25216 | Elf:1    | Mangled by a +2 short sword of electrocution

Illustrated notes

Levels and vault maps discovered:
D:1:      lightli_arrival_boilingwater, layout_basic, hex_large
D:2:      layout_loops_ring, serial_shops, shop, grunt_decor_cap,
          minmay_surrounded, uniq_jessica
D:3:      layout_loops_cross, serial_bayou_lake_a, uniq_ijyb
D:4:      layout_basic, kennysheep_mini, gammafunk_temple_overflow_forgotten,
          kennysheep_nub
D:5:      layout_gridville
D:6:      cheibrodos_steamvent, layout_loops_ring, mainiacjoe_overflow_alcove_1,
          grunt_tough_drop
D:7:      layout_basic, nicolae_uskayaw_suspiria, minmay_temple_entry_statues,
          enter_ossuary_5, uniq_duvessa, uniq_crazy_yiuf_cottage
D:8:      layout_cave_pods, gammafunk_temple_overflow_wave, serial_park,
          serial_park_tiny_1, serial_park_gazebo [serial_park_minivault_5x5_4],
          serial_park_tiny_1, serial_park_square1 [serial_park_minivault_5x5_4],
          serial_park_square2, uniq_maggie
D:9:      layout_gridville, hellmonk_ghost_big_iron, enter_bailey_4
D:10:     layout_basic, vehumet_altar_wand_db, serial_ice, serial_ice_h,
          serial_ice_c, serial_ice_i, serial_ice_b, uniq_grum
D:11:     layout_basic, david_lair_generic, david_orc_4,
          gammafunk_ghost_hydra_chop, serial_shops, shop, uniq_maurice
D:12:     kennysheep_kobold_grotto, layout_irregular_city
Temple:   compressed_dpeg_triangle_lava_temple
Lair:1:   statuecave_lemuel, layout_gridlike, special_room [special_room_bee]
Lair:2:   layout_cave_pods, elwin_shoals_entry_rooms, basic_altar
Lair:3:   layout_long_grid, nicolae_spider_entry_orb_guardian,
          nicolae_lair_run_with_the_wolves, uniq_sonja
Lair:4:   onia_ninara_swampy_vault, layout_big_grid,
          chequers_serial_rivers_small_3, beast_lair_carwin_3, lemuel_fruit_tree
Lair:5:   guppyfry_lair_end_dragon, layout_regular_city,
          nicolae_slime_entry_field_trip, evilmike_ambush
          [evilmike_ambush_outer_basic, evilmike_ambush_inner_basic],
          serial_bayou_shore_a, grunt_megastairs_2, uniq_nessos, uniq_snorg
Orc:1:    layout_caves
Orc:2:    st_orc_elflike, layout_diamond_mine, gammafunk_ghost_abyssal_escape,
          nicolae_orc_beogh_chapel
Elf:1:    minmay_elf_arrival_plus, layout_loops_ring, serial_shops, shop,
          hangedman_elven_crosses_minicolossus, minivault_16

Skill      XL: |  1  2  3  4  5  6  7  8  9 10 11 12 13 14 15 16 |
---------------+-------------------------------------------------+-----
Fighting       | 3 4 5 7 8 10 12 15 17 19 21 22 | 22.7
Maces & Flails | 3 4 5 6 8 10 11 13 15 16 | 16.0
Dodging        | 6 7 |  7.9
Spellcasting   | 7 9 |  9.7
Translocations | 5 7 |  7.8
Air Magic      | 4 6 |  6.1
Hexes          | 3 |  3.6
Throwing       | |  1.0

Action                     |  1- 3 |  4- 6 |  7- 9 | 10-12 | 13-15 | 16-18 || total
---------------------------+-------+-------+-------+-------+-------+-------++-------
  Melee: Mace              |   127 |    62 |       |       |       |       ||   189
         Headbutt          |    14 |    29 |    77 |   117 |   321 |     6 ||   564
         Flail             |       |    54 |    13 |       |       |       ||    67
         Whip              |       |    74 |   173 |       |       |       ||   247
         Giant club        |       |       |   119 |    70 |     2 |    62 ||   253
         Punch             |       |       |     1 |     8 |    15 |       ||    24
         Morningstar       |       |       |       |   430 |  1508 |     8 ||  1946
  Throw: Dart              |       |       |    11 |     7 |    26 |       ||    44
   Cast: Vhi's Electric Ch |       |       |       |       |    27 |    12 ||    39
         Blink             |       |       |       |       |     9 |       ||     9
         Gell's Gravitas   |       |       |       |       |     3 |       ||     3
         Tukima's Dance    |       |       |       |       |     1 |       ||     1
 Invoke: Serpent's Lash    |       |       |       |     3 |    13 |     1 ||    17
Ability: Lunge             |       |       |    17 |    42 |    96 |     2 ||   157
         Whirlwind         |       |       |     3 |   104 |   400 |     6 ||   513
         Wall Jump         |       |       |       |     4 |    18 |       ||    22
  Evoke: Wand              |       |       |     4 |     9 |     8 |       ||    21
    Use: Potion            |     1 |     2 |     1 |     1 |     6 |       ||    11
         Scroll            |       |     5 |     6 |     2 |    10 |     1 ||    24
   Stab: Sleeping          |       |     4 |     1 |     4 |     2 |       ||    11
 Armour: Robe              |   129 |   123 |    38 |       |       |       ||   290
         Steam dragon scal |       |       |   137 |   245 |   806 |    74 ||  1262
  Dodge: Dodged            |    89 |   108 |   234 |   345 |   855 |    36 ||  1667
